 Dungeon Crawl Stone Soup version 0.30-a0-218-gedb9141078 (webtiles) character file.

Game seed: 3561139684026363663

289 zazu2006 the Magician (level 6, -1/50 HPs)
             Began as a Naga Hedge Wizard on Oct 6, 2022.
             Slain by Pikel
             ... wielding a +1 whip of freezing
              (3 damage)
             ... on level 4 of the Dungeon.
             The game lasted 00:07:09 (3260 turns).

zazu2006 the Magician (Naga Hedge Wizard)           Turns: 3260, Time: 00:07:10

Health: -1/50      AC:  3    Str: 12    XL:     6   Next: 31%
Magic:  13/13      EV: 10    Int: 23    God:
Gold:   179        SH:  0    Dex: 10    Spells: 7/15 levels left

rFire   . . .      SeeInvis +    u - +0 long sword (holy)
rCold   . . .      Faith    .    (no shield)
rNeg    . . .      Spirit   .    b - +0 robe
rPois   +          Reflect  .    c - +0 hat
rElec   .          Harm     .    (no cloak)
rCorr   .          Rampage  .    (no gloves)
Will    .....                    (no barding)
Stlth   ++........               j - amulet of magic regeneration
HPRegen 0.28/turn                g - ring of flight
MPRegen 0.53/turn                s - +6 ring of intelligence

@: flying, very slow
A: AC +2, large, see invisible, deformed body, poison resistance, slowness 2,
spit poison 1, naga tail 1
a: Spit Poison


You were on level 4 of the Dungeon.
You visited 1 branch of the dungeon, and saw 4 of its levels.

You collected 179 gold pieces.

Inventory:

Hand Weapons
 a - a +0 dagger
 u - a +0 long sword of holy wrath (weapon)
Missiles
 k - 4 poisoned darts
Armour
 b - a +0 robe (worn)
 c - a +0 hat (worn)
 B - a +0 leather armour
Jewellery
 g - a ring of flight (left hand)
 j - an amulet of magic regeneration (around neck)
 q - an amulet of guardian spirit
 s - a +6 ring of intelligence (right hand)
 v - a ring of protection from fire
Wands
 z - a wand of light (9)
Scrolls
 e - a scroll of identify {unknown}
 f - 2 scrolls of amnesia {unknown}
 h - a scroll of fear {unknown}
 m - 3 scrolls of teleportation {unknown}
 o - a scroll of fog {unknown}
 p - a scroll of torment {unknown}
 r - a scroll of enchant armour {unknown}
 w - a scroll of immolation {unknown}
 x - 2 scrolls of enchant weapon {unknown}
 y - 2 scrolls of blinking {unknown}
 C - a scroll of magic mapping {unknown}
Potions
 d - a potion of magic
 i - 3 potions of curing {unknown}
 l - 2 potions of ambrosia {unknown}
 n - 3 potions of might {unknown}
 t - a potion of berserk rage {unknown}
 A - 2 potions of lignification {unknown}
 D - a potion of cancellation {unknown}
 E - a potion of heal wounds {unknown}


   Skills:
 + Level 0.9 Fighting
 + Level 1.1 Long Blades
 + Level 2.0 Dodging
 + Level 3.4 Stealth
 + Level 5.0 Spellcasting
 + Level 2.9 Conjurations
 + Level 1.0 Summonings
 + Level 1.0 Translocations
 + Level 0.1 Air Magic
 * Level 1.1 Poison Magic


You had 7 spell levels left.
You knew the following spells:

 Your Spells              Type           Power      Damage    Failure   Level
a - Magic Dart            Conj           76%        1d6       2%          1
b - Mephitic Cloud        Conj/Pois/Air  12%        N/A       16%         3
c - Cigotuvi's Dreadful   Necr/Pois/Air  14%        N/A       12%         2
d - Blink                 Tloc           20%        N/A       10%         2

Your spell library contained the following spells:

 Spells                   Type           Power      Damage    Failure   Level
 Slow                     Hex            20%        N/A       10%         1
 Call Imp                 Summ           10%        N/A       10%         2


Dungeon Overview and Level Annotations

Branches:
Dungeon (4/15)
 Temple: D:4-7

Altars:
Hepliaklqana
Ru

Annotations:
D:4 Pikel


Innate Abilities, Weirdness & Mutations

Your serpentine skin is tough. (AC +2)
You have supernaturally acute eyesight. (SInv)
Armour fits poorly on your strangely shaped body.
Your system is resistant to poisons. (rPois)
You cover ground very slowly.
You can spit poison.
You have a snake-like lower body.


Message History

Pikel hits you with a +1 whip of freezing.
Pikel freezes you.
Pikel completely misses the orc.
You hit Pikel.
Pikel is severely wounded.
Pikel hits the orc with a +1 whip of freezing!
Pikel freezes the orc.
The orc is killed!
Aiming: Spit Poison (1% risk of failure)
Press: ? - help, Shift-Dir - straight line, f/p - Pikel
Aim: Pikel, wielding a +1 whip of freezing and wearing a +2 robe of willpower (severely wounded, confused, 81% to hit)
The splash of poison hits Pikel but does no damage.
Pikel is severely wounded.
An endoplasm comes into view.
Pikel closely misses you.
Unknown command.
You closely miss Pikel.
Pikel is severely wounded.
Pikel closely misses you.
You hit Pikel but do no damage.
Pikel is severely wounded.
You have got your breath back.
Pikel barely misses you.
Pikel shouts, "YES!"
Pikel hits you with a +1 whip of freezing!
* * * LOW HITPOINT WARNING * * *
Pikel freezes you.
* * * LOW HITPOINT WARNING * * *
You slash Pikel!
Pikel is almost dead.
Pikel hits the gnoll with a +1 whip of freezing.
Pikel freezes the gnoll.
You hit Pikel. Your punch misses Pikel.
Pikel is almost dead.
Pikel closely misses you.
You completely miss Pikel.
Pikel is almost dead.
Pikel hits you with a +1 whip of freezing!
* * * LOW HITPOINT WARNING * * *
Pikel freezes you.
You die...

...# ###.##.######'
.#.#######<..##.#
........[....##.#
##.#######...##.# ## #.
...# ##.###.# .. +. ####
##...##.# .# #. .##
#.###.#.# ..## #. ..##
#.# #.#.####....# #.
...## ##.###.#.@Kg5J# #.
....####.....##.####5J..#
#. ....'...........# ..##
#. ....####....###.# .#
#. ...## #....# #.# .. +.
..## #.#### #.# ## #K .##
#.# #.# #. # #.# #.# #.
#.# #.


You could see Pikel (confused), 2 lemures, a gnoll and 2 endoplasms.

Vanquished Creatures
  A lemure (D:3)
  A gnoll sergeant (D:4)
  A jelly (D:4)
  An orc priest (D:4)
  An iguana (D:4)
  Ijyb (D:4)
  A gnoll (D:4)
  4 adders
  A worm (D:3)
  A dart slug (D:2)
  4 orcs
  8 ball pythons
  7 endoplasms
  A giant cockroach (D:1)
  11 goblins
  2 hobgoblins
  4 jackals (D:3)
  2 quokkas (D:3)
  4 bats
  5 frilled lizards
  8 kobolds
  A rat (D:2)
70 creatures vanquished.

Notes
Turn   | Place    | Note
-------+----------+-------------------------------------------
     0 | D:1      | zazu2006 the Naga Hedge Wizard began the quest for the Orb.
     0 | D:1      | Reached XP level 1. HP: 15/15 MP: 4/4
   401 | D:1      | Reached XP level 2. HP: 22/22 MP: 3/6
   677 | D:1      | Found a faded altar of an unknown god.
  1056 | D:2      | Reached XP level 3. HP: 28/28 MP: 5/8
  1060 | D:2      | Learned a level 3 spell: Mephitic Cloud
  1063 | D:2      | Learned a level 2 spell: Cigotuvi's Dreadful Rot
  1066 | D:2      | Learned a level 2 spell: Blink
  1520 | D:2      | Reached skill level 4 in Spellcasting
  1672 | D:2      | Reached XP level 4. HP: 36/36 MP: 8/10
  2101 | D:3      | Found a sacrificial altar of Ru.
  2167 | D:3      | Found a hazy altar of Hepliaklqana.
  2626 | D:4      | Reached XP level 5. HP: 32/43 MP: 7/11
  2705 | D:4      | Noticed Pikel
  2705 | D:4      | Noticed a lemure
  2705 | D:4      | Noticed a lemure
  2705 | D:4      | Noticed a lemure
  2705 | D:4      | Noticed a lemure
  2714 | D:3      | Killed a lemure
  2838 | D:4      | Noticed Ijyb
  2879 | D:4      | Killed Ijyb
  3017 | D:4      | Reached skill level 5 in Spellcasting
  3080 | D:4      | Reached XP level 6. HP: 50/50 MP: 13/13
  3121 | D:4      | Reached skill level 1 in Long Blades
  3121 | D:4      | Reached skill level 1 in Poison Magic
  3260 | D:4      | HP: 2/50 [Pikel/+1 whip of freezing (8)]
  3260 | D:4      | Slain by Pikel

Illustrated notes

Levels and vault maps discovered:
D:1:      scummos_arrival_star, layout_loops_ring,
          hellmonk_ecumenical_altar_leap_of_faith, kennysheep_minor_cross,
          kennysheep_crisscross, ebering_dispersal_statue_hall, st_stairs_2
D:2:      layout_loops_ring
D:3:      layout_loops_ring, mainiacjoe_overflow_alcove_2, old_standard_altar
D:4:      layout_loops_corners, nicolae_overflow_hidden_temple,
          minmay_pentangle, uniq_robin, uniq_duvessa, uniq_edmund, uniq_pikel,
          uniq_ijyb

Skill      XL: |  1  2  3  4  5  6 |
---------------+-------------------+-----
Spellcasting   | 4 5 |  5.0
Conjurations   | 2 |  2.9
Dodging        | 2 |  2.0
Long Blades    | 1 |  1.1
Poison Magic   | 1 |  1.1
Fighting       | |  0.9
Stealth        | |  3.4
Summonings     | |  1.0
Translocations | |  1.0
Air Magic      | |  0.1

Action                   |  1- 3 |  4- 6 || total
-------------------------+-------+-------++-------
Melee: Dagger            |     1 |       ||     1
       Long sword        |       |    66 ||    66
 Cast: Magic Dart        |    75 |    60 ||   135
       Mephitic Cloud    |       |     6 ||     6
 Abil: Spit Poison       |    13 |     9 ||    22
 Stab: Sleeping          |     1 |       ||     1
       Confused          |       |     5 ||     5
Armor: Robe              |     2 |    11 ||    13
Dodge: Dodged            |    12 |    37 ||    49

Table legend: (Time is in decaauts)
 A = Elapsed time spent in this place.
 B = Non-inter-level travel time spent in this place.
 C = Inter-level travel time spent in this place.
 D = Time resting spent in this place.
 E = Time spent auto-exploring this place.
 F = Levels seen in this place.
 G = Mean time per level.
                   A        B        C        D        E       F      G
               +--------+--------+--------+--------+--------+-----+--------+
         Total |   4144 |   4065 |     79 |    178 |   3163 |   4 | 1036.0 |
       Dungeon |   4144 |   4065 |     79 |    178 |   3163 |   4 | 1036.0 |
               +--------+--------+--------+--------+--------+-----+--------+

Top non-repeatable levels by time:
     D:1: 1296 daAuts
     D:3: 1200 daAuts
     D:2: 1040 daAuts
     D:4: 606 daAuts
